 Dungeon Sprint DCSS version 0.26-a0-612-gd4d190f45e (webtiles) character file.

Game seed: 14147641214902197173

60 HyperSummoner the Shield-Bearer (level 3, -11/37 HPs)
             Began as a Minotaur Fighter on Sept 8, 2020.
             Splashed by an oklob sapling's acid (12 damage)
             ... in the Dungeon (Sprint IV: "Fedhas' Mad Dash").
             The game lasted 00:03:08 (204 turns).

HyperSummoner the Shield-Bearer (Minotaur Fighter)   Turns: 204, Time: 00:03:08

Health: -11/37     AC:  3    Str: 20    XL:     3   Next: 80%
Magic:  2/2        EV:  7    Int:  6    God:
Gold:   43         SH: 10    Dex:  9    Spells: 2/2 levels left

rFire    . . .     SeeInvis .   a - +0 war axe
rCold    . . .     Faith    .   c - +0 kite shield
rNeg     . . .     Spirit   .   b - +0 scale mail
rPois    .         Reflect  .   (helmet restricted)
rElec    .         Harm     .   (no cloak)
rCorr    .         NoTele   +   (no gloves)
MR       .....                  (no boots)
Stlth    ..........             (no amulet)
HPRegen  0.12/turn              (no ring)
MPRegen  0.08/turn              (no ring)

@: corroded
A: retaliatory headbutt, horns 2
a: no special abilities


You were in the Dungeon.
You visited 1 branch You collected 43 gold pieces.

Inventory:

Hand Weapons
 a - a +0 war axe (weapon)
Armour
 b - a +0 scale mail (worn)
 c - a +0 kite shield (worn)
Jewellery
 m - the amulet of invisibility {+Inv}
   (You found it in the Dungeon)

   [amulet of nothing]

   It lets you turn invisible.
Scrolls
 j - a scroll of blinking
 k - a scroll of fear {unknown}
 l - a scroll of magic mapping {unknown}
Potions
 d - a potion of might
 e - a potion of curing
 f - a potion of heal wounds
 g - a potion of haste
 h - 2 potions of magic
 i - 2 potions of berserk rage


   Skills:
 + Level 5.8 Fighting
 + Level 4.3 Axes
 + Level 5.9 Armour
 + Level 6.0 Shields


You had 2 spell levels left.
You didn't know any spells.
Your spell library was empty.

Dungeon Overview and Level Annotations

Branches:
Dungeon (1/1)

Altars:
Cheibriados
Gozag
Hepliaklqana
Makhleb
Nemelex Xobeh
Ru
Sif Muna
Trog
Wu Jian
Xom
Yredelemnul
Beogh
Jiyva

Annotations:
D exclusion: 2 oklob saplings


Innate Abilities, Weirdness & Mutations

You reflexively headbutt those who attack you in melee.
You have a pair of horns on your head.


Message History

Found three altars.
There is an open door here.
Unknown command.
Unknown command.
Unknown command.
You close the door.
You open the door.
An oklob sapling comes into view.
The oklob sapling spits acid at you. The splash of acid hits you.
The acid corrodes you!
You are splashed with acid!
Marking area around an oklob sapling as unsafe for travelling.
Found 20 gold pieces.
Unknown command.
Unknown command.
Unknown command.
The oklob sapling spits acid at you. The splash of acid hits you!
* * * LOW HITPOINT WARNING * * *
You are splashed with acid!
You die...

#########################
#<...#.....#.....#.⌠._._.
#....'.....'.#†..+.._._._
#....#.....#.#@..#..._._P
###############'##.._._._
...#._._._. #$P$########
#####


You could see an oklob sapling.

Vanquished Creatures
  An oklob sapling (D)
  A worker ant (D)
  A river rat (D)
  A rat (D)
4 creatures vanquished.

Vanquished Creatures (others)
  7 fungi (D)
7 creatures vanquished.

Grand Total: 11 creatures vanquished

Notes
Turn   | Place    | Note
-------+----------+-------------------------------------------
     0 | D        | HyperSummoner the Minotaur Fighter began the quest for the
                  | Orb.
     0 | D        | Reached XP level 1. HP: 19/19 MP: 0/0
    22 | D        | Reached skill level 4 in Shields
    22 | D        | Reached XP level 2. HP: 28/28 MP: 1/1
    31 | D        | Noticed an oklob sapling
    37 | D        | Killed an oklob sapling
    37 | D        | Reached skill level 5 in Fighting
    37 | D        | Reached skill level 5 in Armour
    37 | D        | Reached skill level 5 in Shields
    37 | D        | Reached XP level 3. HP: 19/36 MP: 2/2
   177 | D        | Found the amulet of invisibility {+Inv}
   179 | D        | Reached skill level 6 in Shields
   197 | D        | Found an opulent altar of Gozag.
   197 | D        | Found a hazy altar of Hepliaklqana.
   197 | D        | Found a burning altar of Makhleb.
   197 | D        | Found a roughly hewn altar of Beogh.
   197 | D        | Found a sparkling altar of Nemelex Xobeh.
   197 | D        | Found a snail-covered altar of Cheibriados.
   197 | D        | Found a sacrificial altar of Ru.
   197 | D        | Found a shimmering blue altar of Sif Muna.
   197 | D        | Found a shimmering altar of Xom.
   197 | D        | Found a basalt altar of Yredelemnul.
   198 | D        | Found a viscous altar of Jiyva.
   198 | D        | Found a bloodstained altar of Trog.
   198 | D        | Found an ornate altar of the Wu Jian Council.
   198 | D        | Noticed an oklob sapling priest
   203 | D        | Noticed an oklob sapling
   204 | D        | HP: 1/37 [oklob sapling/splash of acid (12)]
   204 | D        | Splashed by an oklob sapling's acid

Illustrated notes

Levels and vault maps discovered:
D:        dungeon_sprint_fedhas [sprint_temple]

Skill      XL: |  1  2  3 |
---------------+----------+-----
Fighting       | 4 5 |  5.8
Axes           | 3 4 |  4.3
Armour         | 4 5 |  5.9
Shields        | 4 5 6 |  6.0

Action                   || total
-------------------------++-------
Melee: War axe           ||    13
       Headbutt          ||     5
Armor: Scale mail        ||     1
Dodge: Dodged            ||     2
Block: Kite shield       ||     2

Table legend: (Time is in decaauts)
 A = Elapsed time spent in this place.
 B = Non-inter-level travel time spent in this place.
 C = Inter-level travel time spent in this place.
 D = Time resting spent in this place.
 E = Time spent auto-exploring this place.
 F = Levels seen in this place.
 G = Mean time per level.
                   A        B        C        D        E       F      G
               +--------+--------+--------+--------+--------+-----+--------+
         Total |    209 |    209 |      0 |    136 |      0 |   1 |  209.0 |
       Dungeon |    209 |    209 |      0 |    136 |      0 |   1 |  209.0 |
               +--------+--------+--------+--------+--------+-----+--------+

Top non-repeatable levels by time:
       D: 209 daAuts
